 Dungeon Crawl Stone Soup version 0.27.1 (webtiles) character file.

Game seed: 12345708872957504254

86 H0rd4k the Caller (level 4, -1/28 (30) HPs)
             Began as a Barachi Summoner on Aug 31, 2021.
             Slain by a wight (10 damage)
             ... on level 3 of the Dungeon.
             The game lasted 00:06:24 (5254 turns).

H0rd4k the Caller (Barachi Summoner)                Turns: 5254, Time: 00:06:25

HP:   -1/28 (30)    AC:  2    Str: 10    XL:     4   Next: 50%
MP:   1/9           EV: 12    Int: 16    God:
Gold: 154           SH:  0    Dex: 12    Spells: 6/10 levels left

rFire    . . .     SeeInvis .   (no weapon)
rCold    + . .     Faith    .   (no shield)
rNeg     . . .     Spirit   .   a - +0 robe
rPois    .         Reflect  .   (no helmet)
rElec    .         Harm     .   (no cloak)
rCorr    .         Rampage  .   (no gloves)
Will     .....                  (no boots)
Stlth    ++........             (no amulet)
HPRegen  0.09/turn              d - ring of flight
MPRegen  0.11/turn              f - ring of protection from cold

@: unable to hop, flying, drained, slow
A: amphibious, slowness 1, strong legs 1, +LOS
a: Hop


You were on level 3 of the Dungeon.
You visited 2 branches of the dungeon, and saw 5 of its levels.

You collected 154 gold pieces.

Inventory:

Armour
 a - a +0 robe (worn)
Magical Staves
 h - a staff of death
Jewellery
 d - a ring of flight (left hand)
 f - a ring of protection from cold (right hand)
Scrolls
 b - 2 scrolls of identify {unknown}
 c - a scroll of holy word {unknown}
Potions
 e - a potion of mutation {unknown}
 g - a potion of attraction {unknown}


   Skills:
 + Level 2.2 Dodging
 - Level 1.7 Stealth
 + Level 0.1 Unarmed Combat
 * Level 3.7 Spellcasting
 * Level 5.8 Summonings


You had 6 spell levels left.
You knew the following spells:

 Your Spells              Type           Power      Damage    Failure   Level
a - Summon Small Mammal   Summ           84%        N/A       1%          1
b - Call Canine Familiar  Summ           21%        N/A       4%          3

Your spell library contained the following spells:

 Spells                   Type           Power      Damage    Failure   Level
 Call Imp                 Summ           21%        N/A       2%          2
 Summon Guardian Golem    Hex/Summ       12%        N/A       16%         3
 Animate Skeleton         Necr           6%         N/A       17%         1
 Pain                     Necr           12%        1d4       17%         1
 Vampiric Draining        Necr           1%         2d6       45%         3
 Summon Lightning Spire   Summ/Air       12%        N/A       45%         4


Dungeon Overview and Level Annotations

Branches:
Dungeon (4/15)             Temple (1/1) D:4

Altars:
Cheibriados
Elyvilon
Gozag
Kikubaaqudgha
Makhleb
Qazlal
Ru
Uskayaw
Xom
Zin

Shops:
D:3 *

Annotations:
D:2 Robin
D:3 Grinder
D:4 exclusion: upstairs


Innate Abilities, Weirdness & Mutations

You are amphibious.
You cover ground slowly.
You can hop short distances.
You have an extended range of vision and can be seen from far away.


Message History

The wight hits you with a +1 mace of freezing.
You feel drained.
You swap places.
Your bat hits the wight but does no damage. x2
The wight hits your bat with a +1 mace of freezing.
The wight freezes your bat.
Your bat dies!
Your bat's corpse disappears in a puff of smoke!
You reach down and open the door.
The wight hits you with a +1 mace of freezing!
You feel drained.
Casting: Summon Small Mammal (safe; 1% risk of failure)
Confirm with . or Enter, or press ? or * to list all spells.
You don't have enough magic to cast this spell.
There is an open door here.
The wight barely misses you. The wight barely misses you.
Your quokka bites the wight but does no damage.
The orc hits your quokka with a +0 mace.
A necrophage comes into view.
There is an escape hatch in the ceiling here.
Your quokka bites the wight but does no damage.
The wight hits you with a +1 mace of freezing!
* * * LOW HITPOINT WARNING * * *
A mysterious force pulls you upwards. The hatch slams shut behind you.
Your summoned ally is left behind.
Level annotation: Grinder Unknown command.
Hop to where?
Press: ? - help, Dir - move target Boing!
Casting: Summon Small Mammal (safe; 1% risk of failure)
Confirm with . or Enter, or press ? or * to list all spells.
The wight barely misses you.
Your rat closely misses the wight.
Your rat barely misses the wight.
Casting: Summon Small Mammal (safe; 1% risk of failure)
Confirm with . or Enter, or press ? or * to list all spells.
The wight hits you with a +1 mace of freezing!
You die...

#####....##.#........# #<..#....
.#....#####.##.......# ##.#.'.≈≈≈
...##.# ##.#.......## #..###....
..###.##......#......###.## #####
.........##.###...##..##.# #.##.
....#######.#......##..#.####.##.
..### #.........##.###.#.........
..# #........r##..##....#......
..#####.........@zr...........÷..
................####..........#..
#####.......⌠...................)
#######...................<......
#...............####.......>...∩.
..#########.##### #...####......
### #.# #####...## ##..... ## #.#
#........# #..... .## #.#
##.####.#.# #.....


You could see a wight (ally target) and 2 friendly rats.

Vanquished Creatures
  An endoplasm (D:2)
1 creature vanquished.

Vanquished Creatures (collateral kills)
  2 orc wizards (D:4)
  2 adders (D:3)
  A worm (D:4)
  4 dart slugs
  9 orcs (D:4)
  3 ball pythons (D:1)
  6 bats
  2 endoplasms
  3 giant cockroaches
  8 goblins
  6 hobgoblins
  8 kobolds
  2 quokkas
  A frilled lizard (D:1)
  3 rats
60 creatures vanquished.

Vanquished Creatures (others)
  3 plants (D:4)
3 creatures vanquished.

Grand Total: 64 creatures vanquished

Notes
Turn   | Place    | Note
-------+----------+-------------------------------------------
     0 | D:1      | H0rd4k the Barachi Summoner began the quest for the Orb.
     0 | D:1      | Reached XP level 1. HP: 13/13 MP: 3/3
   232 | D:1      | Reached skill level 5 in Summonings
   561 | D:1      | Reached XP level 2. HP: 14/19 MP: 1/5
  1696 | D:2      | Noticed Robin
  2256 | D:2      | Reached XP level 3. HP: 24/24 MP: 1/6
  2260 | D:2      | Learned a level 3 spell: Call Canine Familiar
  3058 | D:3      | Found Hume's Assorted Antiques.
  3215 | D:3      | Found a stormy altar of Qazlal.
  3407 | D:3      | Noticed a fire elemental
  3413 | D:3      | Noticed a water elemental
  3414 | D:3      | Noticed an air elemental
  3415 | D:3      | Noticed an earth elemental
  3861 | D:3      | Noticed Grinder
  3871 | D:3      | Paralysed by Grinder for 3 turns
  4277 | D:4      | Found a staircase to the Ecumenical Temple.
  4304 | Temple   | Entered the Ecumenical Temple
  4900 | D:4      | Reached XP level 4. HP: 30/30 MP: 2/9
  5242 | D:4      | Noticed a necrophage
  5254 | D:3      | Slain by a wight

Illustrated notes

Levels and vault maps discovered:
D:1:      elethiomel_arrival_quiet, layout_basic
D:2:      layout_loops_cross, uniq_robin
D:3:      layout_rooms, nicolae_qazlal_style_of_elements, serial_shops, shop,
          shapermc_ecumenical_altar_ellora, solitary_fountain, minivault_19,
          grunt_ministairs_11, minmay_misc_feat_room, dk_vineyard_2,
          uniq_crazy_yiuf_cottage, uniq_grinder
D:4:      minmay_razor_zed, layout_basic, minmay_temple_entry_gardened_gates,
          minmay_between
Temple:   chequers_temple_sunken

Skill      XL: |  1  2  3 |
---------------+----------+-----
Summonings     | 5 |  5.8
Spellcasting   | 3 |  3.7
Dodging        | |  2.2
Stealth        | |  1.7
Unarmed Combat | |  0.1

Action                   |  1- 3 |  4- 6 || total
-------------------------+-------+-------++-------
Melee: Unarmed           |    65 |       ||    65
 Cast: Summon Small Mamm |   124 |    16 ||   140
       Call Canine Famil |     5 |     6 ||    11
 Abil: Hop               |     1 |     1 ||     2
 Stab: Sleeping          |     1 |       ||     1
Armor: Robe              |    37 |     1 ||    38
Dodge: Dodged            |   100 |     4 ||   104
